 Dungeon Crawl Stone Soup version 0.26-a0-651-gb41185065b (webtiles) character file.

Game seed: 1806528174117441276

125819 Flugslaktarn the Severer (level 16, -4/143 HPs)
             Began as a Deep Dwarf Fighter on Oct 8, 2020.
             Was the Champion of Makhleb.
             Slain by an alligator (7 damage)
             ... on level 3 of the Swamp.
             The game lasted 00:13:06 (15199 turns).

Flugslaktarn the Severer (Deep Dwarf Fighter)      Turns: 15199, Time: 00:13:07

Health: -4/143     AC: 27    Str: 28    XL:     16   Next: 12%
Magic:  4/4        EV: 13    Int: 13    God:    Makhleb [******]
Gold:   3049       SH: 12    Dex: 17    Spells: 15/15 levels left

rFire    x . .     SeeInvis .   D - +5 broad axe
rCold    + . .     Faith    .   p - +0 kite shield
rNeg     + . .     Spirit   .   f - +0 plate armour
rPois    +         Reflect  .   H - +1 helmet
rElec    .         Harm     .   a - +1 cloak of Bitterness {+Inv rPois rC+ Int+3}
rCorr    .         Rampage  .   y - +2 pair of gloves
MR       ++...                  l - +2 pair of boots {Stlth+}
Stlth    ..........             (no amulet)
HPRegen  0.00/turn              O - ring "Zurph" {rF- rC+ Str+7 Slay+4}
MPRegen  0.09/turn              s - ring of the Circus Animal {+Blink rC- Slay+5 Stlth+}

@: non-regenerating, very slow
A: damage resistance, heal wounds, frail 1, negative energy resistance 1, sense
surroundings 2, no regeneration
}: 1/15 runes: gossamer
a: Heal Wounds, Minor Destruction, Lesser Servant of Makhleb, Major Destruction,
Greater Servant of Makhleb, Renounce Religion, Evoke Blink, Evoke Invisibility


You were on level 3 of the Swamp.
You worshipped Makhleb.
Makhleb was exalted by your worship.
You visited 5 branches of the dungeon, and saw 27 of its levels.
You also visited: Bailey and Gauntlet.

You collected 3267 gold pieces.
You spent 218 gold pieces at shops.

Inventory:

Hand Weapons
 D - a +5 broad axe (weapon)
   (You found it on level 7 of the Dungeon)
Missiles
 i - 5 throwing nets (quivered)
Armour
 a - the +1 cloak of Bitterness (worn) {+Inv rPois rC+ Int+3}
   (You acquired it on level 7 of the Dungeon)

   It affects your intelligence (+3).
   It protects you from cold.
   It protects you from poison.
   It lets you turn invisible.
 f - a +0 plate armour (worn)
   (You found it on level 2 of the Dungeon)
 j - a scarf of resistance
   (You found it on level 8 of the Dungeon)
 l - a +2 pair of boots of stealth (worn)
   (You found it in a Gauntlet)
 p - a +0 kite shield (worn)
 u - the +0 pair of gloves of the Eternal Void {rElec}
   (You bought it in a shop on level 11 of the Dungeon)

   It insulates you from electricity.
 y - a +2 pair of gloves (worn)
   (You found it on level 7 of the Dungeon)
 H - a +1 helmet (worn)
   (You found it on level 5 of the Dungeon)
Jewellery
 c - an uncursed ring of protection from cold
   (You found it on level 5 of the Dungeon)
 k - an uncursed ring of resist corrosion
   (You found it on level 12 of the Dungeon)
 m - the ring of Winter {*Drain rF+ Dex+3 SInv}
   (You acquired it on level 15 of the Dungeon)

   [ring of see invisible]

   It affects your dexterity (+3).
   It protects you from fire.
   It lets you see invisible.
   It causes draining when unequipped.
 s - the ring of the Circus Animal (right hand) {+Blink rC- Slay+5 Stlth+}
   (You acquired it on level 15 of the Dungeon)

   [ring of stealth]

   It affects your accuracy and damage with ranged weapons and melee attacks
   (+5).
   It makes you vulnerable to cold.
   It lets you blink.
   It makes you more stealthy.
 v - a +4 ring of evasion
   (You found it on level 14 of the Dungeon)
 O - the ring "Zurph" (left hand) {rF- rC+ Str+7 Slay+4}
   (You found it on level 3 of the Lair of Beasts)

   [ring of slaying]

   It affects your strength (+7).
   It affects your accuracy and damage with ranged weapons and melee attacks
   (+4).
   It makes you vulnerable to fire.
   It protects you from cold.
 Q - a +6 ring of intelligence {unknown}
   (You found it on level 4 of the Spider Nest)
 R - an uncursed amulet of guardian spirit
   (You found it on level 4 of the Spider Nest)
Wands
 g - a wand of digging (23)
   (You found it on level 5 of the Dungeon)
 I - a wand of iceblast (6)
   (You found it on level 1 of the Lair of Beasts)
 J - a wand of enslavement (1)
   (You found it on level 1 of the Lair of Beasts)
Scrolls
 r - 5 scrolls of identify
 t - 12 scrolls of teleportation
 x - 7 scrolls of remove curse
 z - 5 scrolls of blinking
 A - 3 scrolls of immolation
 B - a scroll of fog
 G - a scroll of fear
 K - 2 scrolls of vulnerability
 N - a scroll of enchant armour
 P - 2 scrolls of holy word
Potions
 b - 2 potions of magic
 d - 4 potions of might
 e - 3 potions of lignification
 h - 3 potions of haste
 n - 3 potions of resistance
 o - 3 potions of ambrosia
 q - 2 potions of curing
 w - 5 potions of heal wounds
 C - 3 potions of mutation
 E - 3 potions of flight
 L - 2 potions of berserk rage
 M - a potion of brilliance
Miscellaneous
 F - a condenser vane (2/2)
   (You found it on level 3 of the Lair of Beasts)


   Skills:
 * Level 14.1 Fighting
 * Level 16.1 Axes
 + Level 12.1 Armour
 - Level 10.0 Dodging
 + Level 8.4 Shields
 + Level 13.0 Invocations
 - Level 10.0 Evocations


You had 15 spell levels left.
You didn't know any spells.
Your spell library was empty.

Dungeon Overview and Level Annotations

Branches:
Dungeon (15/15)            Temple (1/1) D:6            Lair (4/6) D:9
  Swamp (3/4) Lair:4       Spider (4/4) Lair:3          Orc (0/2) D:10
 Vaults (0/5) D:13         Depths (0/5) D:15         Bailey (visited)
Gauntlet (visited)

Altars:
Ashenzari
Dithmenos
Elyvilon
Fedhas
Gozag
Hepliaklqana
Makhleb
Nemelex Xobeh
Okawaru
Qazlal
Ru
Trog
Vehumet
Zin
The Shining One

Shops:
D:7 !   D:10 !   D:11 [

Portals:
Trove: D:11 (give +6 ice dragon scales)

Annotations:
D:14 2 runed translucent doors, Baam's ghost, adept FoVM
D:15 exclusion: orange crystal statue
Spider:1 2 runed translucent doors, p0werm0de's ghost, journeyman GrFi


Innate Abilities, Weirdness & Mutations

You are resistant to damage.
You can heal yourself by infusing magical energy.
You resist negative energy. (rN+)
You passively map the area around you.
You do not regenerate.
You are frail. (-10% HP)


Message History

The cane toad stings you but does no damage.
The alligator barely misses you.
The alligator tail-slaps you but does no damage.
The alligator bites you but does no damage.
The alligator tail-slaps you!
You are too injured to fight recklessly!
You are too injured to fight recklessly!
You are too injured to fight recklessly!
You are too injured to fight recklessly!
The alligator bites you!
* * * LOW HITPOINT WARNING * * *
The alligator tail-slaps you but does no damage.
The alligator bites you but does no damage.
You block the alligator's attack. You block the cane toad's attack.
The swamp drake breathes noxious fumes at you.
The noxious blast engulfs you but does no damage.
The alligator bites you!!
* * * LOW HITPOINT WARNING * * *
The alligator tail-slaps you!
You die...

, , .. * ♣♣ ....♣♣
* ..... ♣♣≈♣.≈$.≈♣♣
**,
.....#♣.§.§...≈.≈
** *,
.......≈§.≈....≈≈ *
≈
*.≈k..≈≈.≈.....≈≈≈
, ,
..≈.≈.........♣≈♣,
* ,
..≈≈....≈.≈≈.≈.≈≈ ≈
≈ ,
..≈)≈≈○○○<.§.≈♣≈ ≈
, ≈
*##≈...○@○≈.≈.≈≈≈≈≈
, ,
♣.≈.≈≈tFt≈§.≈♣≈≈≈ ≈
, *
*.....≈†§)≈§≈≈≈≈≈≈≈
* ♣♣..≈§≈≈≈§≈≈.≈≈≈≈
≈ ,
.≈≈.§§♣≈≈≈...≈≈.. ,
*
,..≈≈.§≈.≈♣≈≈≈≈.≈≈
≈ ,,
♣.§...≈≈?..≈.≈≈≈≈ ,
, ≈
♣......?..♣♣..≈♣
≈≈, * ≈ ♣♣♣[.≈≈≈..♣
♣≈≈ ≈


You could see 2 alligators, a cane toad (strong) and a swamp drake (catching
breath).

Vanquished Creatures
  Nikola (Spider:1)
  An emperor scorpion (Spider:2)
  A ghost moth (Spider:4)
  3 entropy weavers
  4 spark wasps
  A minotaur (Gauntlet)
  A great orb of eyes (D:13)
  An ogre mage (D:13)
  A hell beast (Gauntlet)
  3 hydras
  2 centaur warriors
  7 two-headed ogres
  7 alligators
  Urug (Lair:3)
  4 spriggans
  Nergalle (Lair:1)
  A skeletal warrior (D:15)
  3 unseen horrors
  2 spriggan druids (Swamp:3)
  A flayed ghost (D:15)
  3 orc knights
  A necromancer (D:15)
  13 ugly things
  13 orb spiders
  17 wolf spiders
  A stone giant zombie (D:15)
  3 cyclopes
  4 manticores
  3 black mambas (Lair:2)
  A moth of wrath (Spider:4)
  Joseph (D:8)
  4 cane toads
  Psyche (D:9)
  4 torpor snails
  A gargoyle (D:13)
  2 kobold demonologists (D:15)
  5 komodo dragons
  A rime drake (Lair:2)
  Maggie (D:8)
  A guardian mummy (D:15)
  13 demonic crawlers
  A yaktaur (D:15)
  7 trolls
  2 polar bears
  27 jumping spiders
  7 hornets
  5 hippogriffs
  4 slime creatures
  Prince Ribbit (D:8)
  3 blink frogs (Lair:1)
  2 bog bodies
  A tyrant leech (Swamp:1)
  A vampire (D:15)
  2 fire dragon skeletons (D:15)
  37 redbacks
  2 shadows
  2 wyverns
  14 yaks
  2 wraiths
  15 tarantellas
  An elf zombie (D:15)
  A basilisk (D:13)
  A neqoxec (Gauntlet)
  3 chaos spawn (Gauntlet)
  3 vampire mosquitoes
  A warg (D:15)
  5 swamp worms
  7 water moccasins
  Duvessa (D:7)
  2 porcupines
  8 orc warriors
  2 floating eyes (D:12)
  3 swamp drakes
  6 ice beasts
  4 sky beasts
  A black bear (D:13)
  4 wolves
  A necrophage (D:11)
  9 centaurs
  2 phantoms
  6 ogres
  8 crocodiles
  5 big kobolds
  11 bullfrogs
  A wyvern zombie (D:12)
  Dowan (D:7)
  A wyvern skeleton (D:11)
  4 scorpions
  A hornet simulacrum (D:13)
  19 killer bees
  11 wights
  4 howler monkeys
  3 electric eels
  A crimson imp (D:5)
  5 centaur zombies
  A bullfrog zombie (D:12)
  10 hounds
  5 centaur skeletons
  8 jellies
  6 orc priests
  10 orc wizards
  Jessica (D:2)
  6 worker ants
  8 iguanas
  2 hound zombies
  A hound skeleton (D:8)
  2 worker ant zombies
  11 adders
  2 gnolls (Bailey)
  4 shadow imps
  3 white imps
  3 ufetubi
  An adder skeleton (D:6)
  An adder zombie (D:8)
  5 worms
  2 dart slugs
  4 leopard geckos
  39 orcs
  A bat (D:2)
  6 giant cockroaches
  3 goblins
  10 hobgoblins
  9 jackals
  4 quokkas
  A ball python (D:5)
  A frilled lizard (D:1)
  4 goblin skeletons (D:5)
  2 goblin zombies (D:5)
  2 hobgoblin zombies (D:5)
  9 kobolds
  A kobold skeleton (D:5)
  2 kobold zombies (D:5)
  A leopard gecko skeleton (D:4)
  2 orc zombies (D:5)
  A rat (D:2)
614 creatures vanquished.

Vanquished Creatures (collateral kills)
  Agnes (D:15)
  3 ghost moths (Spider:4)
  3 emperor scorpions (Spider:4)
  3 hydras
  A wolf spider (Spider:4)
  5 orb spiders
  6 jumping spiders
  2 hornets (Spider:4)
  A shadow (D:15)
  5 redbacks
  5 tarantellas (Spider:4)
  2 wraiths (D:15)
  A centaur (D:15)
  A wight (D:12)
  3 kobolds (D:12)
42 creatures vanquished.

Vanquished Creatures (others)
  An orb spider (Spider:4)
  A fungus (Lair:1)
  14 plants
  3 withered plants (D:15)
19 creatures vanquished.

Grand Total: 675 creatures vanquished

Notes
Turn   | Place    | Note
-------+----------+-------------------------------------------
     0 | D:1      | Flugslaktarn the Deep Dwarf Fighter began the quest for the
                  | Orb.
     0 | D:1      | Reached XP level 1. HP: 20/20 MP: 1/1
   131 | D:2      | Noticed Jessica
   134 | D:2      | Found an iron altar of Okawaru.
   137 | D:2      | Reached XP level 2. HP: 25/27 MP: 2/2
   145 | D:2      | Killed Jessica
   145 | D:2      | Reached XP level 3. HP: 23/34 MP: 3/3
   146 | D:2      | Reached skill level 3 in Axes
   194 | D:3      | You fall into a shaft and drop 2 floors!
   194 | D:5      | Entered Level 5 of the Dungeon
   194 | D:5      | Found a glowing golden altar of the Shining One.
   255 | D:5      | Reached XP level 4. HP: 42/42 MP: 4/4
   383 | D:5      | Reached XP level 5. HP: 33/50 MP: 5/5
   430 | D:5      | Reached skill level 4 in Axes
   638 | D:4      | Found a radiant altar of Vehumet.
   750 | D:4      | Reached XP level 6. HP: 44/57 MP: 6/6
  1096 | D:5      | Noticed an ice beast
  1108 | D:5      | Killed an ice beast
  1108 | D:5      | Reached skill level 5 in Axes
  1108 | D:5      | Reached XP level 7. HP: 47/66 MP: 6/6
  1677 | D:6      | Reached skill level 5 in Fighting
  1721 | D:6      | Found a broken altar of Ashenzari.
  1819 | D:6      | Reached skill level 5 in Shields
  1882 | D:6      | Found a stormy altar of Qazlal.
  1952 | D:6      | Found a staircase to the Ecumenical Temple.
  1968 | Temple   | Entered the Ecumenical Temple
  2026 | Temple   | Became a worshipper of Makhleb the Destroyer
  2075 | D:6      | Reached skill level 5 in Armour
  2255 | D:6      | Reached skill level 6 in Axes
  2433 | D:7      | Reached skill level 1 in Invocations
  2433 | D:7      | Reached skill level 1 in Evocations
  2611 | D:7      | Found Ticym's Distillery.
  2713 | D:7      | Reached XP level 8. HP: 54/75 MP: 6/6
  2824 | D:7      | Reached skill level 1 in Dodging
  2942 | D:7      | Noticed Duvessa
  2944 | D:7      | Noticed Dowan
  2959 | D:7      | Killed Duvessa
  2961 | D:7      | Killed Dowan
  2961 | D:7      | Reached * piety under Makhleb
  3053 | D:7      | Reached skill level 7 in Axes
  3242 | D:7      | Identified a scroll of acquirement
  3242 | D:7      | Acquired the +1 cloak of Bitterness {+Inv rPois rC+ Int+3}
  3649 | D:8      | Noticed Maggie
  3663 | D:8      | Killed Maggie
  3663 | D:8      | Gained mutation: You passively map the area around you.
                  | [Deep Dwarf growth]
  3663 | D:8      | Reached XP level 9. HP: 71/85 MP: 6/6
  3764 | D:8      | Noticed Prince Ribbit
  3799 | D:8      | Killed Prince Ribbit
  3914 | D:8      | Noticed Joseph
  3929 | D:8      | Killed Joseph
  4100 | D:9      | Reached skill level 8 in Axes
  4217 | D:9      | Found a shadowy altar of Dithmenos.
  4333 | D:9      | Noticed a troll
  4343 | D:9      | Killed a troll
  4359 | D:9      | Noticed a komodo dragon
  4360 | D:9      | Noticed a komodo dragon
  4385 | D:9      | Killed a komodo dragon
  4385 | D:9      | Reached skill level 5 in Evocations
  4388 | D:9      | Killed a komodo dragon
  4388 | D:9      | Reached skill level 5 in Invocations
  4401 | D:9      | Found a staircase to the Lair.
  4412 | D:9      | Reached XP level 10. HP: 96/96 MP: 8/8
  4578 | D:9      | Noticed Psyche
  4589 | D:9      | Killed Psyche
  4724 | D:9      | Reached skill level 9 in Axes
  4761 | D:9      | Found a hazy altar of Hepliaklqana.
  4761 | D:9      | Found an opulent altar of Gozag.
  4804 | D:9      | Found a blossoming altar of Fedhas.
  4897 | D:10     | Entered Level 10 of the Dungeon
  4923 | D:10     | Reached ** piety under Makhleb
  4956 | D:10     | Found a sacrificial altar of Ru.
  5008 | D:10     | Found a staircase to the Orcish Mines.
  5016 | D:10     | Noticed a two-headed ogre
  5037 | D:10     | Killed a two-headed ogre
  5037 | D:10     | Reached skill level 5 in Dodging
  5423 | D:10     | Found Rudipteh's Distillery.
  5625 | D:11     | Reached skill level 10 in Axes
  5673 | D:11     | Reached XP level 11. HP: 92/104 MP: 8/8
  5717 | D:11     | Found a portal to a secret trove of treasure.
  5764 | D:11     | Noticed a two-headed ogre
  5774 | D:11     | Killed a two-headed ogre
  5829 | D:11     | Noticed a five-headed hydra
  5852 | D:11     | Found a burning altar of Makhleb.
  5855 | D:11     | Killed a nine-headed hydra
  5879 | D:11     | Reached *** piety under Makhleb
  5999 | D:11     | Found Gepideut's Antique Armour Boutique.
  6007 | D:11     | Bought a pair of dazzling gloves for 218 gold pieces
  6017 | D:11     | Identified the +0 pair of gloves of the Eternal Void
                  | {rElec} (You bought it in a shop on level 11 of the
                  | Dungeon)
  6152 | D:11     | Noticed a brown ugly thing
  6165 | D:11     | Killed a brown ugly thing
  6197 | D:11     | Noticed a green ugly thing
  6210 | D:11     | Killed a green ugly thing
  6293 | D:11     | Noticed a cyan ugly thing
  6304 | D:11     | Killed a cyan ugly thing
  6344 | D:12     | Noticed an eight-headed hydra
  6429 | D:12     | Noticed a centaur warrior
  6598 | D:12     | Reached skill level 11 in Axes
  6603 | D:12     | Killed a centaur warrior
  6642 | D:12     | Noticed a green ugly thing
  6663 | D:12     | Killed a green ugly thing
  6673 | D:12     | Paralysed by a floating eye for 2 turns
  6688 | D:12     | Reached XP level 12. HP: 114/116 MP: 4/6
  6720 | D:12     | Reached skill level 10 in Fighting
  6725 | D:12     | Reached **** piety under Makhleb
  6923 | D:12     | Killed a 16-headed hydra
  7151 | D:12     | Noticed a two-headed ogre
  7162 | D:12     | Killed a two-headed ogre
  7222 | D:12     | Acquired 753 gold pieces
  7306 | D:13     | Noticed a two-headed ogre
  7306 | D:13     | Noticed an ogre mage
  7306 | D:13     | Noticed a two-headed ogre
  7329 | D:13     | Killed a two-headed ogre
  7330 | D:13     | Killed a two-headed ogre
  7330 | D:13     | Killed an ogre mage
  7417 | D:13     | Found a gate to the Vaults.
  7443 | D:13     | Reached skill level 12 in Axes
  7454 | D:13     | Noticed a centaur warrior
  7487 | D:13     | Killed a centaur warrior
  7528 | D:13     | Found an opulent altar of Gozag.
  7728 | D:13     | Reached ***** piety under Makhleb
  7772 | D:13     | Found a flagged portal.
  7828 | Bailey   | Entered a bailey
  8199 | D:13     | Noticed a great orb of eyes
  8200 | D:13     | Paralysed by a great orb of eyes for 2 turns
  8210 | D:13     | Killed a great orb of eyes
  8210 | D:13     | Reached XP level 13. HP: 79/127 MP: 5/7
  8317 | D:14     | Found a large runed translucent door.
  8317 | D:14     | Found a large runed translucent door.
  8718 | D:14     | Noticed Baam's ghost (adept FoVM)
  9012 | D:15     | Entered Level 15 of the Dungeon
  9023 | D:15     | Reached skill level 10 in Evocations
  9026 | D:15     | Reached skill level 13 in Axes
  9110 | D:15     | Reached skill level 10 in Invocations
  9227 | D:15     | Found a white marble altar of Elyvilon.
  9364 | D:15     | Reached skill level 10 in Armour
  9367 | D:15     | Found a staircase to the Depths.
  9536 | D:15     | Noticed Agnes
  9574 | D:15     | Killed Agnes
 10538 | D:15     | Acquired the ring of the Circus Animal {+Blink rC- Slay+5
                  | Stlth+}
 10540 | D:15     | Acquired the ring of Winter {*Drain rF+ Dex+3 SInv}
 10773 | Lair:1   | Entered Level 1 of the Lair of Beasts
 10862 | Lair:1   | Noticed Nergalle
 10887 | Lair:1   | Killed Nergalle
 11005 | Lair:1   | Acquired 711 gold pieces
 11030 | Lair:1   | Gained mutation: You resist negative energy. (rN+) [Deep
                  | Dwarf growth]
 11030 | Lair:1   | Reached XP level 14. HP: 112/138 MP: 1/1
 12254 | Lair:3   | Found a gate leading to a gauntlet.
 12280 | Gauntlet | Entered a Gauntlet
 12280 | Gauntlet | Found a transporter.
 12280 | Gauntlet | Found a transporter.
 12280 | Gauntlet | Found a transporter.
 12281 | Gauntlet | Found a transporter.
 12282 | Gauntlet | Found a transporter.
 12285 | Gauntlet | Found a transporter.
 12294 | Gauntlet | Found a transporter.
 12296 | Gauntlet | Found a transporter.
 12296 | Gauntlet | Found a transporter.
 12296 | Gauntlet | Found a transporter.
 12304 | Gauntlet | Found a transporter.
 12307 | Gauntlet | Found a transporter.
 12451 | Gauntlet | Gained mutation: You are frail. (-10% HP) [a neqoxec]
 12453 | Gauntlet | Reached skill level 14 in Axes
 12528 | Gauntlet | Got a glittering jade ring
 12543 | Gauntlet | Identified the +3 trident "Huf Xioq" {flame, Fragile rF+
                  | MR+++ Dex-4}
 12580 | Lair:3   | Identified the ring "Kanoseh" {rF+ Dex+4} (You found it in
                  | a Gauntlet)
 12605 | Lair:3   | Noticed Urug
 12616 | Lair:3   | Killed Urug
 12639 | Lair:3   | Got a transparent platinum ring
 12744 | Lair:3   | Reached ****** piety under Makhleb
 12745 | Lair:3   | Identified the ring "Zurph" {rF- rC+ Str+7 Slay+4} (You
                  | found it on level 3 of the Lair of Beasts)
 12757 | Lair:3   | Found a hole to the Spider Nest.
 13054 | Lair:4   | Found a staircase to the Swamp.
 13163 | Spider:1 | Entered Level 1 of the Spider Nest
 13309 | Spider:1 | Found a runed translucent gate.
 13309 | Spider:1 | Found a runed translucent gate.
 13491 | Spider:1 | Found a runed translucent gate.
 13493 | Spider:1 | Noticed p0werm0de's ghost (journeyman GrFi)
 13591 | Spider:1 | Noticed Nikola
 13615 | Spider:1 | Killed Nikola
 14082 | Spider:2 | Reached skill level 10 in Dodging
 14094 | Spider:2 | Noticed an entropy weaver
 14105 | Spider:2 | Killed an entropy weaver
 14111 | Spider:2 | Noticed an emperor scorpion
 14117 | Spider:2 | Reached XP level 15. HP: 130/132 MP: 2/2
 14138 | Spider:2 | Reached skill level 15 in Axes
 14359 | Spider:4 | Entered Level 4 of the Spider Nest
 14451 | Spider:4 | Killed a ghost moth
 14587 | Spider:4 | Noticed a ghost moth
 14587 | Spider:4 | Killed a ghost moth
 14613 | Spider:4 | Killed a ghost moth
 14637 | Spider:4 | Noticed an Executioner
 14656 | Spider:4 | Killed a ghost moth
 14688 | Spider:4 | Got a gossamer rune of Zot
 14846 | Swamp:1  | Entered Level 1 of the Swamp
 14961 | Swamp:1  | Reached skill level 16 in Axes
 14974 | Swamp:1  | Reached XP level 16. HP: 103/143 MP: 4/4
 15199 | Swamp:3  | HP: 3/143 [alligator (30)]
 15199 | Swamp:3  | Slain by an alligator

Illustrated notes

Levels and vault maps discovered:
D:1:      minmay_arrival_widening_spiral_wide, layout_rooms
D:2:      layout_rooms, okawaru_metal_pillars_1_2, uniq_crazy_yiuf_cottage,
          uniq_jessica
D:3:      layout_rooms
D:4:      layout_basic, kennysheep_mini_moat
D:5:      layout_loops_ring, cheibrodos_sewer_entry_bend,
          nicolae_tso_besieged_by_evil
D:6:      layout_gridville, lemuel_doored_altar,
          minmay_temple_entry_drinking_statues, basic_altar, serial_rivers,
          chequers_serial_rivers_micro_a, chequers_serial_rivers_small_3,
          chequers_serial_rivers_small_3, chequers_serial_rivers_room_a,
          chequers_serial_rivers_room_b, minmay_circle_x
D:7:      layout_basic, serial_shops, shop_coins, uniq_duvessa
D:8:      layout_gridville, uniq_maggie, uniq_prince_ribbit1, uniq_joseph
D:9:      layout_loops_ring, gammafunk_temple_overflow_pools, erik_lair_dragon,
          basic_altar, fedhas_ov_isle_minmay, uniq_psyche
D:10:     layout_roguey, david_orc_3, serial_shops,
          nicolae_shop_window_shopping, basic_altar
D:11:     layout_basic, basic_altar, serial_shops, shop_fountains, enter_trove_3
D:12:     layout_rooms, onia_ninara_cookie
D:13:     layout_irregular_city, david_vaults_2, enter_bailey_2,
          kennysheep_flooded_box, drop_trap, chequers_serial_rivers_room_a
D:14:     layout_rooms, ebering_ghost_disaster_area,
          minmay_staircase_windowed_small
D:15:     gammafunk_depths_entry_grave, layout_basic, basic_altar,
          minmay_misc_feat_pillars, minivault_16,
          chequers_serial_rivers_small_a, uniq_agnes
Temple:   minmay_crystal_spiral_temple
Lair:1:   layout_chaotic_city, uniq_nergalle
Lair:2:   layout_long_grid, serial_bayou, serial_bayou_pond_b,
          serial_bayou_pond_b, serial_bayou_ford_a, serial_bayou_shore_a,
          serial_bayou_shore_b, serial_bayou_lagoon_a
Lair:3:   layout_gridlike, nicolae_spider_entry_tight_spaces,
          gauntlet_entry_generic, lemuel_fruit_tree, uniq_urug
Lair:4:   layout_cave_pods, skrybe_swamp_entry_bodies
Swamp:1:  layout_basic_swamp, infiniplex_staircase_pool_2,
          nicolae_swamp_alligator_family
Swamp:2:  layout_falls_marsh, evilmike_swamp_ruin_wall, uniq_aizul, uniq_donald
Swamp:3:  layout_falls_marsh, evilmike_swamp_ruin_house_2
Spider:1: layout_chambers, gammafunk_ghost_tricky_traps, uniq_nikola
Spider:2: layout_spider_delve, nicolae_spider_shape
Spider:3: layout_spider_delve
Spider:4: spider_rune_water

Skill      XL: |  1  2  3  4  5  6  7  8  9 10 11 12 13 14 15 16 |
---------------+-------------------------------------------------+-----
Fighting       | 3 4 5 6 7 8 9 11 12 13 14 | 14.1
Axes           | 3 4 5 6 7 8 10 11 12 13 14 16 | 16.1
Armour         | 4 5 6 7 8 9 10 11 12 | 12.1
Shields        | 4 5 6 8 |  8.4
Invocations    | 1 3 5 6 8 9 10 11 12 13 | 13.0
Evocations     | 1 3 5 6 8 9 10 | 10.0
Dodging        | 2 4 5 6 7 9 10 | 10.0

Action                   |  1- 3 |  4- 6 |  7- 9 | 10-12 | 13-15 | 16-18 || total
-------------------------+-------+-------+-------+-------+-------+-------++-------
Melee: War axe           |    71 |   178 |   230 |       |       |       ||   479
       Broad axe         |       |       |   140 |   747 |  1137 |    58 ||  2082
Invok: Lesser Servant of |       |       |       |     3 |     8 |       ||    11
       Greater Servant o |       |       |       |       |     5 |       ||     5
 Abil: Heal Wounds       |     1 |     3 |    17 |    26 |    19 |       ||    66
Evoke: Wand              |       |       |       |    10 |     3 |       ||    13
       Condenser vane    |       |       |       |       |     3 |       ||     3
  Use: Scroll            |       |     7 |    13 |     7 |    14 |       ||    41
       Potion            |       |       |     1 |       |     7 |       ||     8
 Stab: Confused          |       |       |     1 |       |       |       ||     1
       Distracted        |       |       |       |     3 |     4 |       ||     7
       Invisible         |       |       |       |       |     1 |       ||     1
       Held in net/web   |       |       |       |       |     2 |       ||     2
Armor: Scale mail        |     4 |       |       |       |       |       ||     4
       Plate armour      |    50 |   134 |   243 |   819 |   877 |    36 ||  2159
Dodge: Dodged            |    16 |    21 |    73 |   464 |   608 |    27 ||  1209
Block: Kite shield       |    40 |    99 |   216 |   697 |   793 |    38 ||  1883

Table legend: (Time is in decaauts)
 A = Elapsed time spent in this place.
 B = Non-inter-level travel time spent in this place.
 C = Inter-level travel time spent in this place.
 D = Time resting spent in this place.
 E = Time spent auto-exploring this place.
 F = Levels seen in this place.
 G = Mean time per level.
                   A        B        C        D        E       F      G
               +--------+--------+--------+--------+--------+-----+--------+
         Total |  15530 |  14223 |   1307 |    100 |   9111 |  29 |  535.5 |
       Dungeon |  10917 |  10119 |    798 |    100 |   6555 |  15 |  727.8 |
        Temple |     83 |     42 |     41 |      0 |     40 |   1 |   83.0 |
          Lair |   2148 |   2040 |    108 |      0 |   1625 |   4 |  537.0 |
         Swamp |    354 |    324 |     30 |      0 |    153 |   3 |  118.0 |
   Spider Nest |   1637 |   1309 |    328 |      0 |    601 |   4 |  409.2 |
        Bailey |     98 |     98 |      0 |      0 |      0 |   1 |   98.0 |
      Gauntlet |    290 |    290 |      0 |      0 |    135 |   1 |  290.0 |
               +--------+--------+--------+--------+--------+-----+--------+

Top non-repeatable levels by time:
    D:15: 1603 daAuts
    D:11: 1037 daAuts
    D:13: 990 daAuts
     D:9: 941 daAuts
     D:5: 932 daAuts
     D:7: 904 daAuts
Spider:1: 868 daAuts
     D:8: 793 daAuts
     D:6: 782 daAuts
    D:12: 760 daAuts
  Lair:2: 736 daAuts
    D:14: 721 daAuts
  Lair:1: 692 daAuts
    D:10: 690 daAuts
  Lair:3: 619 daAuts
